 Dungeon Crawl Stone Soup version 0.30-a0-779-g7971cf19c3 (webtiles) character file.

Game seed: 6148609445905932090

70 theswoord the Shooter (level 4, -3/33 HPs)
             Began as a Formicid Hunter on Feb 17, 2023.
             Slain by an iguana (8 damage)
             ... on level 3 of the Dungeon.
             The game lasted 00:02:01 (1790 turns).

theswoord the Shooter (Formicid Hunter)             Turns: 1790, Time: 00:02:01

Health: -3/33      AC:  7    Str: 17    XL:     4   Next: 44%
Magic:  4/4        EV: 12    Int:  9    God:
Gold:   69         SH:  0    Dex: 17    Spells: 3/3 levels left

rFire   . . .      SeeInvis +    a - +0 shortbow
rCold   . . .      Faith    .    (no shield)
rNeg    . . .      Spirit   .    j - +0 steam dragon scales
rPois   .          Reflect  .    (helmet unavailable)
rElec   .          Harm     .    (no cloak)
rCorr   .          Rampage  .    g - +1 pair of gloves
Will    .....                    (no boots)
Stlth   ++                       (no amulet)
HPRegen 0.25/turn                (no ring)
MPRegen 0.09/turn                (no ring)

@: no status effects
A: permanent stasis, dig shafts and tunnels, antennae 3, four strong arms
a: Dig, Shaft Self


You were on level 3 of the Dungeon.
You visited 1 branch of the dungeon, and saw 3 of its levels.

You collected 69 gold pieces.

Inventory:

Hand Weapons
 a - a +0 shortbow (weapon)
 p - a +0 mace
Armour
 c - a +0 leather armour
 g - a +1 pair of gloves (worn)
 j - +0 steam dragon scales (worn)
Scrolls
 b - a scroll of immolation
Potions
 e - a potion of berserk rage
 f - a potion of haste {unknown}
 m - 2 potions of curing {unknown}


   Skills:
 - Level 2.1 Fighting
 + Level 5.6 Ranged Weapons
 - Level 1.7 Dodging
 - Level 1.2 Stealth


You had 3 spell levels left.
You didn't know any spells.
Your spell library was empty.

Dungeon Overview and Level Annotations

Branches:
Dungeon (3/15)

Altars:


Innate Abilities, Weirdness & Mutations

You cannot be hasted, slowed, berserked, paralysed or teleported.
You can dig through walls and to a lower floor.
You have a pair of large antennae on your head. (SInv)
Your four strong arms can wield two-handed weapons with a shield.


Message History

You kill the ball python!
No target in view!
No target in view!
Found a stone staircase leading up.
You now have 69 gold pieces (gained 11).
Found 9 stones.
An iguana comes into view.
You shoot an arrow.
The arrow hits the iguana but does no damage.
You shoot an arrow.
The arrow hits the iguana but does no damage.
You shoot an arrow. The arrow hits the iguana!
You shoot an arrow.
The arrow hits the iguana but does no damage.
You shoot an arrow. The arrow hits the iguana.
You shoot an arrow.
The arrow hits the iguana but does no damage.
The iguana bites you.
You shoot an arrow.
The arrow hits the iguana but does no damage.
The iguana bites you!
You shoot an arrow. The arrow hits the iguana.
The iguana closely misses you.
You shoot an arrow.
The arrow hits the iguana but does no damage.
The iguana bites you.
* * * LOW HITPOINT WARNING * * *
The iguana bites you.
* * * LOW HITPOINT WARNING * * *
You shoot an arrow. The arrow barely misses the iguana.
The iguana bites you.
* * * LOW HITPOINT WARNING * * *
You shoot an arrow.
The arrow hits the iguana but does no damage.
The iguana barely misses you.
You shoot an arrow.
The arrow hits the iguana but does no damage.
The iguana completely misses you.
You shoot an arrow. The arrow closely misses the iguana.
The iguana bites you.
* * * LOW HITPOINT WARNING * * *
The iguana bites you!
You die...

...... ..... #..
#...### #.# #...#.(
#.# #...#.# #.#
.######...#.# #.#
.......l..#.# #.#
##@.##.# #.#
##...##.# #<#
#.......## #.#
##.......########.#
##.###...........#
### #.###########
#.# #.# #<#


You could see an iguana.

Vanquished Creatures
  A gnoll (D:1)
  2 adders (D:2)
  2 dart slugs (D:1)
  2 endoplasms
  2 giant cockroaches
  4 goblins (D:1)
  5 hobgoblins
  A quokka (D:2)
  6 ball pythons
  2 bats
  3 kobolds (D:1)
  5 rats
35 creatures vanquished.

Notes
Turn   | Place    | Note
-------+----------+-------------------------------------------
     0 | D:1      | theswoord the Formicid Hunter began the quest for the Orb.
     0 | D:1      | Reached XP level 1. HP: 16/16 MP: 1/1
   150 | D:1      | Reached XP level 2. HP: 22/22 MP: 2/2
   255 | D:1      | Reached XP level 3. HP: 27/27 MP: 3/3
   488 | D:1      | Reached skill level 5 in Ranged Weapons
   849 | D:2      | Reached XP level 4. HP: 32/33 MP: 4/4
  1790 | D:3      | Slain by an iguana

Skill      XL: |  1  2  3 |
---------------+----------+-----
Ranged Weapons | 5 |  5.6
Fighting       | |  2.1
Dodging        | |  1.7
Stealth        | |  1.2

Action                     |  1- 3 |  4- 6 || total
---------------------------+-------+-------++-------
   Fire: Shortbow          |    80 |    39 ||   119
    Use: Scroll            |       |     7 ||     7
 Armour: Leather armour    |    11 |       ||    11
         Steam dragon scal |     5 |     5 ||    10
  Dodge: Dodged            |    33 |     6 ||    39

Levels and vault maps discovered:
D:1:      spicycebolla_arrival_clurvy, layout_basic, minmay_misc_feat_alley
D:2:      layout_loops_ring
D:3:      layout_loops_ring, lemuel_coloured_pillars_altar, uniq_robin
